 Dungeon Crawl Stone Soup version 0.30.0-13-g156ef70053 (webtiles) character file.

Game seed: 7949053961467834842

27306 bnnuy the Warrior (level 13, -3/134 HPs)
             Began as a Minotaur Berserker on May 18, 2023.
             Was a High Priest of Trog.
             Slain by a centaur warrior simulacrum (19 damage)
             ... on level 12 of the Dungeon.
             The game lasted 00:42:58 (15716 turns).

bnnuy the Warrior (Minotaur Berserker)             Turns: 15716, Time: 00:42:59

Health: -3/134     AC: 13    Str: 34    XL:     13   Next: 3%
Magic:  12/12      EV: 13    Int:  4    God:    Trog [*****.]
Gold:   200        SH:  5    Dex:  9    Spells: 12/12 levels left

rFire   + . .        z - +5 woodcutter's axe
rCold   . . .        (shield currently unavailable)
rNeg    . . .        X - +0 acid dragon scales
rPois   +            (helmet restricted)
rElec   .            (no cloak)
rCorr   +            (no gloves)
SInv    +            f - +0 pair of boots
Will    +++..        O - amulet of Saxirch {Reflect rPois Will+ Str+2 SH+5 SInv}
Stlth   ++           K - ring of Autumn {rF+ Str+6}
HPRegen 1.42/turn    t - +4 ring of protection
MPRegen 0.13/turn

%: reflection
@: strong-willed, on berserk cooldown, regenerating, slowed, very slow
A: horns 2, retaliatory headbutt, weak 1
a: Renounce Religion, Berserk, Trog's Hand, Brothers in Arms


You were on level 12 of the Dungeon.
You worshipped Trog.
Trog was extremely pleased with you.
You visited 4 branches of the dungeon, and saw 17 of its levels.

You collected 1007 gold pieces.
You spent 807 gold pieces at shops.

Inventory:

Hand Weapons
 a - a +0 hand axe
 z - the +5 woodcutter's axe (weapon)
   (You took it off a gnoll on level 6 of the Dungeon)
 A - a +2 hand axe of electrocution
Missiles
 l - 60 poisoned darts (quivered)
 x - a throwing net
 E - 4 boomerangs
 I - 8 curare-tipped darts
 P - 8 silver boomerangs
 R - 5 datura-tipped darts
Armour
 d - a +0 scale mail
 f - a +0 pair of boots (worn)
 W - a +0 kite shield
 X - +0 acid dragon scales (worn)
Jewellery
 g - a ring of protection from fire
 p - a ring of flight
 t - a +4 ring of protection (right hand)
 w - a ring of fire
 F - an amulet of magic regeneration
 K - the ring of Autumn (left hand) {rF+ Str+6}
   (You found it on level 9 of the Dungeon)

   [ring of protection from fire]

   Str:       It affects your strength (+6).
   rF:        It protects you from fire.
 O - the amulet of Saxirch (around neck) {Reflect rPois Will+ Str+2 SH+5 SInv}
   (You bought it in a shop on level 9 of the Dungeon)

   [amulet of reflection]

   It reflects blocked missile attacks.
   Str:       It affects your strength (+2).
   rPois:     It protects you from poison.
   SInv:      It lets you see invisible.
   SH:        It affects your SH (+5).
   Will:      It increases your willpower.
 V - a ring of protection from cold
Wands
 o - a wand of iceblast (25)
 s - a wand of polymorph (14)
 D - a wand of paralysis (13)
 J - a wand of flame (10)
 N - a wand of acid (1)
Scrolls
 i - 3 scrolls of enchant armour {unknown}
 k - 6 scrolls of magic mapping {unknown}
 r - 2 scrolls of torment
 v - 3 scrolls of enchant weapon {unknown}
 y - 2 scrolls of teleportation
 B - a scroll of blinking {unknown}
 C - a scroll of amnesia {unknown}
 M - a scroll of fear {unknown}
 Q - a scroll of acquirement {unknown}
 S - a scroll of poison {unknown}
 T - a scroll of immolation {unknown}
 U - a scroll of fog {unknown}
Potions
 c - 6 potions of curing
 e - 3 potions of attraction
 h - 2 potions of ambrosia
 j - 3 potions of lignification
 m - 2 potions of flight
 n - 5 potions of haste
 q - 2 potions of mutation
 u - 2 potions of might
 G - a potion of magic
 H - a potion of invisibility
 L - a potion of berserk rage {unknown}


   Skills:
 - Level 18.0 Fighting
 - Level 14.0 Axes
 - Level 6.0 Throwing
 + Level 8.6 Armour
 - Level 7.0 Dodging
 - Level 4.0 Stealth


You had 12 spell levels left.
You didn't know any spells.
Your spell library contained the following spells:

 Spells                   Type           Power      Damage    Failure   Level
 Kiss of Death            Conj/Necr      0%         2d5       54%         1
 Lesser Beckoning         Tloc           0%         N/A       67%         2
 Call Canine Familiar     Summ           0%         N/A       88%         3
 Confusing Touch          Hex            0%         N/A       88%         3
 Gell's Gravitas          Tloc           0%         N/A       88%         3
 Ozocubu's Armour         Ice            0%         N/A       88%         3
 Portal Projectile        Hex/Tloc       0%         N/A       88%         3
 Teleport Other           Tloc           0%         N/A       88%         3
 Dispel Undead            Necr           0%         3d6       99%         4
 Leda's Liquefaction      Hex/Erth       0%         N/A       99%         4
 Sticky Flame             Conj/Fire      0%         2d3       99%         4
 Fireball                 Conj/Fire      0%         3d3       100%        5
 Iskenderun's Battlesphe  Conj           0%         2d6       100%        5
 Metabolic Englaciation   Hex/Ice        0%         N/A       100%        5
 Conjure Ball Lightning   Conj/Air       0%         3x3d6     100%        6
 Dispersal                Tloc           0%         N/A       100%        6
 Simulacrum               Ice/Necr       0%         N/A       100%        6
 Haunt                    Necr/Summ      0%         N/A       100%        7
 Orb of Destruction       Conj           0%         9d5       100%        7


Dungeon Overview and Level Annotations

Branches:
Dungeon (12/15)            Temple (1/1) D:6            Lair (3/5) D:11
  Snake (1/4) Lair:3          Orc (0/2) D:11
  Swamp: Lair:2-3    Shoals: Lair:2-3

Altars:
Ashenzari
Dithmenos
Elyvilon
Fedhas
Gozag
Hepliaklqana
Kikubaaqudgha
Nemelex Xobeh
Qazlal
Sif Muna
Trog
Uskayaw
Wu Jian
Xom
Yredelemnul
Zin
The Shining One

Shops:
D:9 ((=   D:11 (   D:12 (

Annotations:
D:8 5 transporters, Maurice


Innate Abilities, Weirdness & Mutations

You have a pair of horns on your head.
You reflexively headbutt those who attack you in melee.
You are weak. (Str -2)


Message History

l - 60 poisoned darts (gained 4)
A stone giant opens the door.
You see here a +0 scale mail.
The stone giant throws a large rock.
The large rock barely misses you.
The stone giant throws a large rock.
The large rock hits you!!!
* * * LOW HITPOINT WARNING * * *
You hear a roar!
You see here 3 silver boomerangs.
As you read the scroll of teleportation, it crumbles to dust.
You feel strangely unstable.
P - 8 silver boomerangs (gained 3)
Your surroundings suddenly seem different.
An ufetubus, a polar bear, 2 simulacra, a white imp, an ice beast, a wraith and 3 orcs come into view.
The ufetubus shouts!
The orc wizard shouts!
The ice beast hits you but does no damage.
The orc shouts! x2; The polar bear growls angrily.
You feel much better.
The ice beast hits you but does no damage.
You block the centaur warrior simulacrum's attack.
The centaur warrior simulacrum kicks you but does no damage.
The ice beast hits you. The ice beast freezes you!
Your skin crawls.
You feel strong-willed.
The centaur warrior simulacrum hits you but does no damage.
The centaur warrior simulacrum kicks you but does no damage.
You block the ice beast's attack.
You fail to use your ability.
The ufetubus misses you.
The ufetubus hits you but does no damage.
The ice beast hits you but does no damage.
You block the orc wizard's attack. The ufetubus closely misses you.
You furiously retaliate!
You headbutt the ufetubus. The ufetubus closely misses you.
The centaur warrior simulacrum hits you.
* * * LOW HITPOINT WARNING * * *
The centaur warrior simulacrum freezes you!!
* * * LOW HITPOINT WARNING * * *
The centaur warrior simulacrum kicks you.
* * * LOW HITPOINT WARNING * * *
The centaur warrior simulacrum freezes you!!
You die...

#########
#.......#
#.......#
####.......#
.......8h..##
#~....oW5..#
#~...Z5o...#
#....@YZ..#
#...#.o#..#
### ##... #
#.## .# # ##
. .## .<###


You could see a polar bear, a wraith, an ice beast, an orc wizard, a white imp
(wandering), a wolf spider simulacrum, a centaur warrior simulacrum, 2 orcs and
an ufetubus.

Vanquished Creatures
  A tengu reaver (D:12)
  Erica (D:8)
  3 two-headed ogres
  3 death yaks (D:11)
  A naga sharpshooter (Snake:1)
  2 soul eaters (D:9)
  2 slime creatures
  Pikel (D:9)
  An ugly thing (D:12)
  A wolf spider (D:12)
  A deep elf pyromancer (D:12)
  A cyclops (D:12)
  4 black mambas
  8 cane toads
  Maggie (D:9)
  A rime drake (Lair:1)
  A komodo dragon (Lair:2)
  Psyche (D:8)
  2 kobold demonologists
  An ice devil (D:9)
  A red devil (D:9)
  4 trolls
  2 hellwings (D:9)
  A hornet (D:11)
  A shadow (D:8)
  13 yaks
  A ynoxinul (D:9)
  2 basilisks
  3 chaos spawn (D:9)
  A wyvern (Lair:1)
  A neqoxec (D:9)
  2 steam dragons
  2 nagas
  Edmund (D:6)
  An acid dragon (D:9)
  7 water moccasins
  2 sky beasts
  3 orc warriors
  An ice beast (D:5)
  An ogre (D:5)
  2 centaurs
  A lemure (D:9)
  19 kobold brigands
  3 bullfrogs
  8 gnoll sergeants
  2 scorpions (D:6)
  9 wights
  14 killer bees
  6 howler monkeys
  3 electric eels
  4 hounds
  2 gnoll boudas (D:6)
  8 jellies
  3 orc priests
  2 quasits (D:9)
  Jessica (D:2)
  3 iguanas
  12 orc wizards
  15 gnolls
  8 adders
  3 river rats (D:11)
  A shadow imp (D:7)
  3 white imps
  2 ufetubi
  2 worms
  30 orcs
  16 endoplasms
  10 goblins
  4 hobgoblins
  4 jackals (D:1)
  3 quokkas
  8 ball pythons
  3 bats (D:1)
  A frilled lizard (D:1)
  26 kobolds
  4 rats
332 creatures vanquished.

Vanquished Creatures (collateral kills)
  A black mamba (Lair:2)
  A hornet (Lair:2)
  A yak (Lair:2)
3 creatures vanquished.

Vanquished Creatures (others)
  An orc wizard (D:8)
1 creature vanquished.

Grand Total: 336 creatures vanquished

Notes
Turn   | Place    | Note
-------+----------+-------------------------------------------
     0 | D:1      | bnnuy the Minotaur Berserker began the quest for the Orb.
     0 | D:1      | Reached XP level 1. HP: 19/19 MP: 0/0
   294 | D:1      | Reached XP level 2. HP: 27/27 MP: 1/1
   518 | D:1      | Reached skill level 4 in Fighting
   724 | D:2      | Reached ** piety under Trog
   930 | D:2      | Noticed Jessica
   940 | D:2      | Killed Jessica
   941 | D:2      | Reached skill level 5 in Axes
   941 | D:2      | Reached XP level 3. HP: 29/33 MP: 2/2
  1405 | D:3      | You fall into a shaft and drop 3 floors!
  1410 | D:5      | Entered Level 5 of the Dungeon
  1414 | D:5      | Noticed an ogre
  1420 | D:5      | Killed an ogre
  1421 | D:5      | Reached XP level 4. HP: 40/40 MP: 3/3
  1421 | D:5      | Reached XP level 5. HP: 46/46 MP: 4/4
  1534 | D:4      | Found Zin's Purification Station.
  1537 | D:4      | Found a glowing silver altar of Zin.
  1542 | D:4      | Bought a potion of curing for 90 gold pieces
  1684 | D:4      | Found a shadowy altar of Dithmenos.
  2655 | D:3      | Reached XP level 6. HP: 34/52 MP: 5/5
  3099 | D:5      | Noticed an ice beast
  3109 | D:5      | Killed an ice beast
  3361 | D:5      | Reached XP level 7. HP: 58/59 MP: 6/6
  3515 | D:6      | Reached skill level 10 in Axes
  3651 | D:6      | Found a staircase to the Ecumenical Temple.
  3664 | Temple   | Entered the Ecumenical Temple
  3858 | D:6      | Found a hazy altar of Hepliaklqana.
  3930 | D:6      | Reached *** piety under Trog
  4071 | D:6      | Reached XP level 8. HP: 62/66 MP: 7/7
  4295 | D:6      | Noticed Edmund
  4334 | D:6      | Killed Edmund
  5207 | D:7      | Found a shimmering altar of Xom.
  5210 | D:7      | Reached skill level 5 in Fighting
  5210 | D:7      | Reached XP level 9. HP: 74/74 MP: 8/8
  5263 | D:7      | Reached skill level 6 in Fighting
  5346 | D:7      | Found an ancient bone altar of Kikubaaqudgha.
  5396 | D:7      | Found a basalt altar of Yredelemnul.
  5412 | D:7      | Found a glowing golden altar of the Shining One.
  5470 | D:7      | Reached skill level 7 in Fighting
  5720 | D:7      | Found an ornate altar of the Wu Jian Council.
  5792 | D:8      | Found a transporter.
  5792 | D:8      | Found a transporter.
  5793 | D:8      | Noticed Maurice
  5794 | D:8      | Noticed a tengu conjurer
  5795 | D:8      | Found a transporter.
  5808 | D:8      | Noticed Erica
  5816 | D:8      | Killed Erica
  5817 | D:8      | Reached skill level 9 in Fighting
  5835 | D:8      | Reached skill level 10 in Fighting
  5932 | D:8      | Found a transporter.
  5934 | D:8      | Found a transporter.
  5934 | D:8      | Noticed a six-headed hydra
  5935 | D:8      | Noticed a tengu conjurer
  6223 | D:8      | Reached **** piety under Trog
  6604 | D:8      | Noticed Psyche
  6749 | D:8      | Killed Psyche
  6750 | D:8      | Reached XP level 10. HP: 93/93 MP: 9/9
  7013 | D:9      | Found Reto's Jewellery Shoppe.
  7102 | D:9      | Noticed a soul eater
  7133 | D:9      | Killed a soul eater
  7134 | D:9      | Reached skill level 5 in Armour
  7134 | D:9      | Reached skill level 5 in Dodging
  7254 | D:10     | Entered Level 10 of the Dungeon
  7340 | D:11     | Noticed a death yak
  7340 | D:11     | Noticed a death yak
  7340 | D:11     | Found a staircase to the Lair.
  7380 | D:10     | Noticed a two-headed ogre
  7385 | D:10     | Killed a two-headed ogre
  7487 | D:9      | Found Tenk's Antique Weapon Boutique.
  7515 | D:9      | Found a stormy altar of Qazlal.
  7941 | D:9      | Reached skill level 11 in Fighting
  8187 | D:9      | Noticed Maggie
  8206 | D:9      | Killed Maggie
  8356 | D:9      | Identified the ring of Autumn {rF+ Str+6}
  8449 | D:9      | Gained mutation: You are weak. (Str -2) [a neqoxec]
  8471 | D:9      | Noticed Pikel
  8481 | D:9      | Killed Pikel
  8482 | D:9      | Reached skill level 12 in Fighting
  8482 | D:9      | Reached XP level 11. HP: 99/104 MP: 10/10
  8548 | D:9      | Noticed a soul eater
  8562 | D:9      | Reached skill level 1 in Throwing
  8566 | D:9      | Killed a soul eater
  9401 | D:9      | Found Tunt's Antique Weapon Shoppe.
  9683 | D:10     | Found an opulent altar of Gozag.
  9746 | D:10     | Noticed a two-headed ogre
  9750 | D:10     | Killed a two-headed ogre
  9751 | D:10     | Reached skill level 13 in Fighting
 10285 | D:11     | Noticed a death yak
 10298 | D:11     | Killed a death yak
 10302 | D:11     | Killed a death yak
 10304 | D:11     | Killed a death yak
 10305 | D:11     | Reached skill level 14 in Fighting
 10305 | D:11     | Reached skill level 1 in Stealth
 10425 | D:11     | Found a staircase to the Orcish Mines.
 10428 | D:11     | Found Bugrun's Weapon Shop.
 11067 | D:11     | Noticed a two-headed ogre
 11075 | D:11     | Killed a two-headed ogre
 11246 | D:11     | Noticed a boulder beetle
 11365 | D:11     | Reached skill level 15 in Fighting
 11365 | D:11     | Reached XP level 12. HP: 113/119 MP: 11/11
 11640 | Lair:1   | Entered Level 1 of the Lair of Beasts
 11868 | D:9      | Bought the amulet of Saxirch {Reflect rPois Will+ Str+2
                  | SH+5 SInv} for 717 gold pieces
 12099 | D:12     | Found Tustoege's Weapon Shoppe.
 12103 | D:12     | Got Ahen's Parchment of Puissant Rot
 12292 | Lair:1   | Reached skill level 5 in Throwing
 12391 | Lair:1   | Reached skill level 16 in Fighting
 12671 | Lair:1   | Reached ***** piety under Trog
 13679 | Lair:2   | Reached skill level 17 in Fighting
 14449 | Lair:3   | Reached skill level 18 in Fighting
 14879 | Lair:3   | Found a staircase to the Snake Pit.
 14890 | Snake:1  | Entered Level 1 of the Snake Pit
 15232 | Lair:3   | Noticed a seven-headed hydra
 15690 | D:12     | Noticed a tengu reaver
 15700 | D:12     | Killed a tengu reaver
 15701 | D:12     | Reached XP level 13. HP: 95/134 MP: 12/12
 15709 | D:12     | Noticed a stone giant
 15716 | D:12     | Slain by a centaur warrior simulacrum

Illustrated notes

Levels and vault maps discovered:
D:1:      mushboom_english_gardens, layout_basic, minmay_door_square
D:2:      layout_rooms, minmay_misc_feat_tiny, uniq_jessica
D:3:      wander_river, layout_basic, palyth_stone_intersect
D:4:      layout_basic, nicolae_dithmenos_the_darkroom, zin_purify,
          hangedman_decor_lopped, ebering_dispersal_statue_hall
D:5:      layout_rooms
D:6:      layout_basic, lemuel_crystal_altar, minmay_temple_entry_hall,
          pf_guarded_unrand_woodcutter, uniq_edmund
D:7:      layout_rooms, nicolae_overflow_quartered_altars,
          mainiacjoe_overflow_24_doors
D:8:      gammafunk_the_bubble [the_bubble_gammafunk_roulette],
          layout_cave_pods, chequers_serial_rivers_marsh, uniq_maurice,
          uniq_psyche, uniq_erica
D:9:      layout_layer_cave, grunt_qazlal_sundering, serial_demonic,
          serial_demonic_g, serial_demonic_a, serial_demonic_d,
          serial_demonic_b, serial_demonic_f, serial_demonic_e, serial_shops,
          nicolae_shop_pleasant_corner_grove,
          nicolae_shop_pleasant_corner_grove, nicolae_shop_tiny_statue_garden,
          enter_bailey_3, uniq_pikel, uniq_maggie
D:10:     layout_gridville, nicolae_gozag_cash_rules_everything_around_me
D:11:     layout_roguey [special_room_kobold], dpeg_lair_monsters, orc_david_3
D:12:     minmay_octo_star, layout_rooms, serial_ice, serial_ice_k,
          serial_ice_c, serial_ice_n, serial_ice_h, serial_shops, shop,
          nicolae_underground_beach
Temple:   nicolae_temple_ecumenical_triangle
Lair:1:   lemuel_slime, layout_regular_city, chequers_serial_rivers_small_a,
          serial_bayou_shore_b, grunt_megastairs_5, serial_bayou_shore_b,
          lemuel_fruit_tree, serial_bayou_shore_b, serial_bayou_shore_b
Lair:2:   layout_small_grid, serial_bayou_lagoon_a, serial_bayou_pond_e
Lair:3:   layout_cave_pods, nicolae_shoals_entry_roost,
          guppyfry_snake_entry_island
Snake:1:  layout_grid_shapes, nicolae_snake_serpentine_bazaar,
          grunt_megastairs_4

Skill      XL: |  1  2  3  4  5  6  7  8  9 10 11 12 |
---------------+-------------------------------------+-----
Axes           | 4 5 6 8 9 11 13 14 | 14.0
Fighting       | 4 5 10 12 15 18 | 18.0
Armour         | 4 7 8 |  8.6
Dodging        | 4 7 |  7.0
Throwing       | 4 6 |  6.0
Stealth        | 4 |  4.0

Action                     |  1- 3 |  4- 6 |  7- 9 | 10-12 | 13-15 || total
---------------------------+-------+-------+-------+-------+-------++-------
  Melee: Hand axe          |    59 |   106 |   183 |       |       ||   348
         Headbutt          |     7 |    13 |    42 |    84 |       ||   146
         Punch             |       |     1 |     4 |       |       ||     5
         Battleaxe         |       |       |    72 |   419 |       ||   491
  Throw: Dart              |       |       |       |    29 |       ||    29
 Invoke: Berserk           |     1 |     1 |    12 |    18 |       ||    32
         Trog's Hand       |       |       |     4 |     4 |     1 ||     9
         Brothers in Arms  |       |       |       |     1 |       ||     1
  Evoke: Wand              |       |       |       |     2 |       ||     2
    Use: Scroll            |       |       |       |    11 |     1 ||    12
         Potion            |       |       |       |     5 |     1 ||     6
 Armour: Scale mail        |    29 |    40 |    83 |   128 |       ||   280
         Acid dragon scale |       |       |       |    31 |     7 ||    38
  Dodge: Dodged            |    27 |    53 |   108 |   278 |     4 ||   470
  Block: Other             |       |       |       |    45 |     3 ||    48
         Reflection        |       |       |       |     4 |       ||     4
